AoeStats
← 落花之情

QS Arena

503453007Analyzed
4v4 RM · 1mo ago on Aug 31, 2026· 15m 28s· 8 players
Game mode
Random Map
Map size
Large (8 player)
Population
200
Speed
Normal
Resources
Standard
Victory
Conquest
Starting age
Dark Age
Ending age
Imperial Age
RankedLock teamsTeams togetherTeam positionsShared explorationLock speedFull tech treeHidden civsTurbo modeCheats
Victory
Defeat
🇭🇰 Franks · Hong Kong SAR China
1640
+12
🇦🇷 Portuguese · Argentina
1609
+13
🇺🇸 Ethiopians · United States
1433
+21
🇨🇴 Spanish · Colombia
1414
+22
🇨🇳 Magyars · China
1590
-19
🇲🇽 Lithuanians · Mexico
1571
-18
🇺🇸 Bengalis · United States
1562
-18
🇨🇴 Malians · Colombia
1489
-14
Silence
8:45 Feudal Age
12:46 Castle Age
11:10 Double-Bit Axe
11:39 Loom
hK | Agt. Smith
6:45 Feudal Age
6:28 Loom
10:31 Castle Age
14:45 Sanctity
落花之情
9:34 Feudal Age
13:13 Castle Age
11:17 Double-Bit Axe
12:18 Horse Collar
13:23 Light Cavalry
Chigüiro
8:40 Feudal Age
12:35 Castle Age
10:40 Double-Bit Axe
10:58 Horse Collar
boo
2:37 Loom
7:35 Feudal Age
11:17 Castle Age
9:32 Double-Bit Axe
10:33 Horse Collar
juand400
8:03 Feudal Age
12:17 Castle Age
10:26 Double-Bit Axe
10:50 Horse Collar
15:16 Wheelbarrow
PWLG | Legend
7:17 Feudal Age
6:50 Loom
10:55 Castle Age
9:38 Double-Bit Axe
10:03 Gold Mining
7E_barbecue
7:46 Feudal Age
10:05 Double-Bit Axe
12:31 Castle Age
13:37 Bow Saw
14:24 Wheelbarrow
Connection lost

Rejoining the realm…

Still unreachable

The connection could not be restored.

Session expired

The server has moved on; the page needs a fresh start.